 Dungeon Crawl Stone Soup version 0.29.1-15-g9cfb28693d (webtiles) character file.

Game seed: 15359107084546604334

4 hawla the Firebug (level 1, -1/14 HPs)
             Began as a Meteoran Fire Elementalist on Apr 16, 2023.
             Slain by a goblin
             ... wielding a +0 dagger
             ... led by Robin
              (2 damage)
             ... on level 2 of the Dungeon.
             The game lasted 00:00:46 (27 turns).

hawla the Firebug (Meteoran Fire Elementalist)        Turns: 27, Time: 00:00:46

Health: -1/14      AC:  2    Str:  9    XL:     1   Next: 85%
Magic:  5/5        EV: 12    Int: 16    God:
Gold:   0          SH:  0    Dex: 14    Spells: 4/5 levels left

rFire   . . .      SeeInvis .   (no weapon)
rCold   . . .      Faith    .   (no shield)
rNeg    . . .      Spirit   .   a - +0 robe
rPois   .          Reflect  .   (no helmet)
rElec   .          Harm     .   (no cloak)
rCorr   .          Rampage  .   (no gloves)
Will    .....                   (no boots)
Stlth   +.........              (no amulet)
HPRegen 0.04/turn               (no ring)
MPRegen 0.09/turn               (no ring)

@: glowing
A: sense surroundings 1, otherworldly, glowing, explore regen
a: no special abilities


You were on level 2 of the Dungeon.
You visited 1 branch of the dungeon, and saw 2 of its levels.

Inventory:

Armour
 a - a +0 robe (worn)
Potions
 b - a potion of magic


   Skills:
 + Level 2.4 Dodging
 - Level 1.4 Stealth
 + Level 2.7 Spellcasting
 + Level 1.3 Conjurations
 + Level 3.9 Fire Magic


You had 4 spell levels left.
You knew the following spells:

 Your Spells              Type           Power      Damage    Failure   Level
a - Foxfire               Conj/Fire      40%        2x1d6     6%          1

Your spell library contained the following spells:

 Spells                   Type           Power      Damage    Failure   Level
 Scorch                   Fire           28%        2d6       6%          2
 Conjure Flame            Conj/Fire      10%        6-21      19%         3
 Inner Flame              Hex/Fire       8%         N/A       26%         3
 Flame Wave               Conj/Fire      10%        2d6       54%         4


Dungeon Overview and Level Annotations

Branches:
Dungeon (2/15) Zot: 1172

Altars:

Annotations:
D:2 Robin


Innate Abilities, Weirdness & Mutations

You passively map a small area around you.
You are easily found by Zot.
You glow in the dark.
You regain HP and MP as you explore.


Message History

Confirm with . or Enter, or press ? or * to list all spells.
You conjure some foxfire!
The goblin barely misses you.
A goblin comes into view. It is wielding a +0 dagger.
The goblin misses you.
Robin roars a battlecry!
The goblins go into a battle-frenzy!
The goblin attacks as you move away! The goblin barely misses you.
The foxfire hits Robin.
Robin is lightly wounded.
The foxfire hits the goblin.
The goblin is severely wounded.
Robin throws the goblin at you! The goblin barely misses you.
Casting: Foxfire (safe; 7% risk of failure)
Confirm with . or Enter, or press ? or * to list all spells.
You conjure some foxfire!
The hobgoblin hits you. The goblin barely misses you.
The foxfire hits the goblin.
You kill the goblin!
The goblin hits you with a +0 club.
Robin points. "Kill!"
Robin throws the goblin at you!
The foxfire hits the goblin.
You kill the goblin!
The goblin hits you with a +0 dagger. The hobgoblin closely misses you.
The goblin hits you with a +0 club. The goblin hits you but does no damage.
Unknown command.
Okay, then.
As you read the scroll labelled MYAJ PAHIT, it crumbles to dust.
You hear the tinkle of a tiny bell.
It was a scroll of butterflies.
The hobgoblin hits your butterfly!
Your butterfly dies!
Your butterfly disappears in a burst of colours!
The goblin barely misses you. x2; The hobgoblin hits you.
* * * LOW HITPOINT WARNING * * *
The goblin closely misses you. The goblin barely misses you. x2
You swap places.
The goblin barely misses your butterfly.
Robin throws the goblin at you!
* * * LOW HITPOINT WARNING * * *
The goblin hits you with a +0 dagger.
You die...

#### **## , , ,
#... * . *
####... .#
.......##.
...b.....
......g.# *
....b.gg####
,......gbg.b# ,
....bSgg@..# ,
.......gg..#
,.........bbb.. ,
*
....#....b......,
,..>.#...........
... #...........
, * ##
#........... , *
* #........... *
*, ,


You could see Robin (ally target), an adder (ally target), 2 hobgoblins and 6
goblins.

Vanquished Creatures
  A bat (D:1)
  A frilled lizard (D:1)
  2 goblins (D:2)
4 creatures vanquished.

Vanquished Creatures (others)
  6 foxfires
6 creatures vanquished.

Grand Total: 10 creatures vanquished

Notes
Turn   | Place    | Note
-------+----------+-------------------------------------------
     0 | D:1      | hawla the Meteoran Fire Elementalist began the quest for
                  | the Orb.
     0 | D:1      | Reached XP level 1. HP: 14/14 MP: 5/5
    21 | D:2      | Noticed Robin
    27 | D:2      | Slain by a goblin

Illustrated notes

Levels and vault maps discovered:
D:1:      minmay_arrival_stone_box, layout_loops_ring
D:2:      layout_basic, minmay_split_cup_large, uniq_robin

Action                   || total
-------------------------++-------
 Cast: Foxfire           ||     4
  Use: Scroll            ||     1
Armor: Robe              ||     1
Dodge: Dodged            ||    11
